 Dungeon Crawl Stone Soup version 0.17.0-28-g6e173f8 (webtiles) character file.

65 septik the Caller (level 3, -2/24 HPs)
             Began as a Mummy Summoner on Nov 30, 2015.
             Slain by an orc
             ... wielding a +0 mace
              (10 damage)
             ... on level 3 of the Dungeon.
             The game lasted 00:12:01 (3504 turns).

septik the Caller (Mummy Summoner)                  Turns: 3504, Time: 00:12:01

Health: -2/24      AC:  3    Str: 11    XL:     3   Next: 94%
Magic:  1/7        EV: 12    Int: 15    God:
Gold:   102        SH:  0    Dex: 12    Spells: 2 memorised, 4 levels left

rFire  x . .     SeeInvis .     p - +0 war axe
rCold  + . .     Clarity  .     a - +0 robe
rNeg   + + +     SustAt   .     (no shield)
rPois  ∞         Gourm    .     (no helmet)
rElec  .         Spirit   .     l - +0 cloak
rCorr  .         Warding  .     (no gloves)
rMut   .         Stasis   .     (no boots)
MR     .....                    (no amulet)
Stlth  ++........               (no ring)
                                (no ring)

@: not resistant to hostile enchantments, unstealthy
A: no food or potions, fire vulnerability, cold resistance 1, negative energy
resistance 3, torment resistance, unbreathing
a: no special abilities


You were on level 3 of the Dungeon.
You were not hungry.

You visited 1 branch of the dungeon, and saw 3 of its levels.

You collected 102 gold pieces.

Inventory:

Hand Weapons
 p - a +0 war axe (weapon)
Missiles
 c - 179 stones (quivered)
 m - 21 poisoned needles
Armour
 a - a +0 robe (worn)
 l - a +0 cloak (worn)
Jewellery
 h - an uncursed ring of positive energy {unknown}
Scrolls
 e - a scroll of teleportation {unknown}
 f - 3 scrolls of immolation {unknown}
 g - a scroll of amnesia {unknown}
 i - a scroll of random uselessness {unknown}
 j - a scroll of enchant weapon {unknown}
 k - a scroll of identify {unknown}
 n - a scroll of remove curse {unknown}
 o - a scroll of recharging {unknown}
 q - a scroll of magic mapping {unknown}
Books
 b - a book of Callings

   Spells                             Type                      Level
   a - Summon Small Mammal            Summoning                    1
   b - Call Imp                       Summoning                    2
   c - Call Canine Familiar           Summoning                    3
   d - Summon Guardian Golem          Hexes/Summoning              3
   e - Summon Lightning Spire         Summoning/Air                4
   f - Summon Ice Beast               Ice/Summoning                4


   Skills:
 - Level 1.5 Dodging
 - Level 1.5 Stealth
 + Level 2.6 Spellcasting
 * Level 4.2 Summonings


You had 4 spell levels left.
You knew the following spells:

 Your Spells              Type           Power        Failure   Level  Hunger
a - Summon Small Mammal   Summ           ##..         4%          1    N/A
b - Call Imp              Summ           ##......     8%          2    N/A

Dungeon Overview and Level Annotations

Branches:
Dungeon (3/15)

Altars:

Annotations:
D:3 Sigmund


Innate Abilities, Weirdness & Mutations

You do not eat or drink.
Your flesh is vulnerable to fire.
You are immune to poison.
Your flesh is cold resistant.
You are immune to negative energy.
You are immune to unholy pain and torment.
You can survive without breathing.


Message History

Your rat dies!
Your rat's corpse disappears in a puff of smoke!
Casting: Summon Small Mammal
Confirm with . or Enter, or press ? or * to list all spells.
The orc wizard hits you with a dagger. The orc wizard barely misses you.
The orc wizard hits you with a dagger. The orc misses your quokka.
Your quokka closely misses the orc wizard.
The orc hits something with a short sword.
The orc wizard hits you but does no damage.
The orc barely misses your quokka.
Casting: Summon Small Mammal
Confirm with . or Enter, or press ? or * to list all spells.
Your quokka barely misses the orc wizard.
The orc wizard casts a spell at you. The magic dart hits you!
Your bat hits the orc.
The orc wizard hits you but does no damage.
Your quokka bites the orc wizard.
The orc wizard hits you with a dagger. The orc hits you with a mace!
You die...

..........## #........
.######...#.#########.##
.............>...?.$....
#o.######...#.#o(.(.......
#..........o..oo.r........
#...###..ro#####.####.#...
#......b.oo# #<#.# .. .
#..####...@# #.#.# ...
#....# #.#.# ..
####....###.#.# .
............#.$
#####...#######
@.............$
#####..######## ##.# ...


You could see an orc wizard, 3 orcs, a friendly quokka and a friendly bat.

Vanquished Creatures
  An ooze (D:1)
  A worm (D:2)
  A giant gecko (D:1)
  2 bats
  3 giant cockroaches (D:1)
  A hobgoblin (D:2)
  3 jackals (D:2)
  2 giant newts
  2 goblins
  2 kobolds (D:1)
  A rat (D:2)
19 creatures vanquished.

Vanquished Creatures (collateral kills)
  3 adders (D:2)
  2 worms (D:2)
  4 giant geckos
  2 giant cockroaches
  5 goblins
  3 hobgoblins
  3 kobolds (D:1)
  2 quokkas
  A ball python (D:2)
  2 bats (D:1)
  A giant newt (D:1)
  6 rats
34 creatures vanquished.

Grand Total: 53 creatures vanquished

Notes
Turn   | Place    | Note
--------------------------------------------------------------
     0 | D:1      | septik the Mummy Summoner began the quest for the Orb.
     0 | D:1      | Reached XP level 1. HP: 13/13 MP: 3/3
   552 | D:1      | Reached XP level 2. HP: 19/19 MP: 3/5
   556 | D:1      | Learned a level 2 spell: Call Imp
  1662 | D:2      | Reached XP level 3. HP: 17/24 MP: 1/6
  2069 | D:2      | Reached skill level 4 in Summonings
  3455 | D:3      | Noticed Sigmund
  3504 | D:3      | Slain by an orc

Action                   || total
-------------------------++-------
Melee: Dagger            ||     6
       Mace              ||    61
 Cast: Summon Small Mamm ||   138
 Stab: Distracted        ||     2
       Sleeping          ||     2
